 Dungeon Crawl Stone Soup version 0.29-a0-982-gaed3a0c8d8 (webtiles) character file.

Game seed: 17803206820149601536

2525 MisterAzrael the Fighter (level 9, -5/72 HPs)
             Began as a Hill Orc Fighter on Aug 1, 2022.
             Was a Priest of the Shining One.
             Slain by a sun demon (18 damage)
             ... summoned by a kobold demonologist
             ... on level 7 of the Dungeon.
             The game lasted 00:05:01 (5629 turns).

MisterAzrael the Fighter (Hill Orc Fighter)         Turns: 5629, Time: 00:05:02

Health: -5/72      AC: 13    Str: 26    XL:     9   Next: 54%
Magic:  9/9        EV:  8    Int:  8    God:    the Shining One [***...]
Gold:   307        SH:  0    Dex: 10    Spells: 8/8 levels left

rFire   . . .      SeeInvis .   q - +10 quarterstaff of the Filigreed God {vorpal, Fly Str+3}
rCold   . . .      Faith    .   (shield currently unavailable)
rNeg    + . .      Spirit   .   z - +0 plate armour
rPois   .          Reflect  .   (no helmet)
rElec   .          Harm     +   w - scarf {harm}
rCorr   .          Rampage  .   (no gloves)
Will    .....      Clarity  +   (no boots)
Stlth   ..........              y - amulet of the acrobat
HPRegen 0.22/turn               (no ring)
MPRegen 0.11/turn               (no ring)

@: flying, glowing
A: clarity, frail 1, sturdy frame 1
a: Renounce Religion, Divine Shield, Cleansing Flame


You were on level 7 of the Dungeon.
You worshipped the Shining One.
The Shining One was most pleased with you.
You visited 1 branch of the dungeon, and saw 7 of its levels.

You collected 307 gold pieces.

Inventory:

Hand Weapons
 a - a +0 war axe
 q - the +10 quarterstaff of the Filigreed God (weapon) {vorpal, Fly Str+3}
   (You found it on level 4 of the Dungeon)

   It inflicts extra damage upon your enemies.
   Str:       It affects your strength (+3).
   Fly:       It grants you flight.
Armour
 b - a +0 scale mail
 c - a +0 buckler
 w - a scarf of harm (worn)
 z - a +0 plate armour (worn)
Jewellery
 k - an amulet of magic regeneration
 y - an amulet of the acrobat (around neck)
Wands
 p - a wand of flame (32)
Scrolls
 e - 4 scrolls of teleportation {unknown}
 f - 3 scrolls of blinking {unknown}
 i - 6 scrolls of identify {unknown}
 m - a scroll of poison {unknown}
 o - a scroll of brand weapon {unknown}
 t - a scroll of butterflies {unknown}
 u - a scroll of vulnerability {unknown}
 v - a scroll of enchant weapon {unknown}
 x - a scroll of enchant armour {unknown}
Potions
 d - 3 potions of might
 g - a potion of curing
 h - 2 potions of flight {unknown}
 j - 3 potions of mutation
 l - 3 potions of haste {unknown}
 n - a potion of brilliance {unknown}
 r - a potion of resistance {unknown}
 s - a potion of degeneration {unknown}


   Skills:
 + Level 8.0 Fighting
 - Level 5.5 Axes
 * Level 5.6 Staves
 + Level 7.2 Armour
 + Level 7.3 Shields


You had 8 spell levels left.
You didn't know any spells.
Your spell library contained the following spells:

 Spells                   Type           Power      Damage    Failure   Level
 Confusing Touch          Hex            0%         N/A       100%        3
 Ozocubu's Armour         Ice            0%         N/A       100%        3
 Portal Projectile        Hex/Tloc       0%         N/A       100%        3
 Summon Guardian Golem    Hex/Summ       0%         N/A       100%        3
 Tukima's Dance           Hex            0%         N/A       100%        3
 Blade Hands              Tmut           0%         N/A       100%        5
 Yara's Violent Unravell  Hex/Tmut       0%         3d3       100%        5
 Enfeeble                 Hex            0%         N/A       100%        7
 Orb of Destruction       Conj           0%         9d5       100%        7
 Ozocubu's Refrigeration  Ice            0%         4d7       100%        7
 Spellforged Servitor     Conj/Summ      0%         N/A       100%        7


Dungeon Overview and Level Annotations

Branches:
Dungeon (7/15)             Temple (0/1) D:5

Altars:
Cheibriados
The Shining One

Shops:
D:6 (

Annotations:
D:3 1 runed translucent door, nicolae's ghost, amateur OpTm


Innate Abilities, Weirdness & Mutations

You possess an exceptional clarity of mind.
You are frail. (-10% HP)
Your movements are slightly less encumbered by armour. (ER -2)


Message History

The kobold brigand shouts!
The kobold shouts!
A kobold comes into view. It is wielding a +0 short sword.
The hound misses you.
You closely miss the hound.
The kobold shouts!
The hound bites you.
You bludgeon the hound!!
You kill the hound!
Your Fighting skill increases to level 8!
The kobold attacks as you move away! The kobold barely misses you.
The kobold demonologist casts a spell.
You sock the kobold!
You kill the kobold!
You barely miss the kobold. The kobold hits you but does no damage.
You thump the kobold!
You kill the kobold!
You sock the kobold!
You kill the kobold!
The kobold demonologist mumbles some strange words.
You sock the kobold!
You kill the kobold!
The sun demon hits you but does no damage.
The neqoxec gestures at you.
Something tries to feed on your intellect!
You thump the sun demon!
The sun demon is moderately wounded.
The sun demon hits you!!
You are engulfed in flames!
You closely miss the sun demon.
The sun demon is moderately wounded.
The kobold demonologist gestures wildly while chanting.
The sun demon hits you but does no damage.
The neqoxec gestures at you.
Something tries to feed on your intellect!
The kobold demonologist miscasts a cantrip.
Activating: Cleansing Flame (83% risk of failure)
Press: ? - help, Dir - look around, f - activate You fail to use your ability.
The sun demon hits you!!
* * * LOW HITPOINT WARNING * * *
You are engulfed in flames!
You die...

#.....(#####
#....#.# .##
#....#.######## ...
#..............
.##.
#...##.########
.... ##########.#
.... ......K #.#
##.##
.....KK###.########
....
....3KK3@..........
#.##
.....KK###.########
#.# ....5.. #.#
#..# ....... #.#
#.. ####### #.# ###
#.# # #.# # ...
######## #.......


You could see a sun demon (summoned), a kobold demonologist, a neqoxec
(summoned), 2 kobold brigands, a crimson imp (summoned) and 3 kobolds.

Vanquished Creatures
  Grinder (D:4)
  Sigmund (D:6)
  Eustachio (D:5)
  A black bear (D:6)
  A sky beast (D:7)
  2 ogres
  2 centaurs
  A phantom (D:6)
  A bullfrog (D:7)
  A necrophage (D:7)
  2 scorpions
  6 killer bees (D:7)
  2 jellies
  7 hounds
  5 orc priests
  An iguana (D:7)
  Terence (D:2)
  Natasha (thrice) (D:2)
  8 orc wizards
  A mummy (D:5)
  4 gnolls
  An adder (D:5)
  A white imp (D:6)
  An ufetubus (D:5)
  2 worms (D:2)
  2 dart slugs
  16 orcs
  11 endoplasms
  A giant cockroach (D:3)
  11 goblins
  9 hobgoblins
  3 jackals (D:3)
  4 quokkas
  6 ball pythons
  3 frilled lizards
  12 kobolds
  8 rats
143 creatures vanquished.

Vanquished Creatures (others)
  2 withered plants (D:3)
2 creatures vanquished.

Grand Total: 145 creatures vanquished

Notes
Turn   | Place    | Note
-------+----------+-------------------------------------------
     0 | D:1      | MisterAzrael the Hill Orc Fighter began the quest for the
                  | Orb.
     0 | D:1      | Reached XP level 1. HP: 19/19 MP: 1/1
   106 | D:1      | Reached XP level 2. HP: 11/27 MP: 2/2
   300 | D:1      | Reached skill level 4 in Fighting
   431 | D:1      | Reached XP level 3. HP: 26/33 MP: 3/3
   558 | D:1      | Found a faded altar of an unknown god.
   568 | D:1      | Prayed at the altar of an unknown god.
   568 | D:1      | Became a worshipper of the Shining One
   568 | D:1      | Reached * piety under the Shining One
   980 | D:2      | Noticed Terence
   991 | D:2      | Killed Terence
   992 | D:2      | Reached XP level 4. HP: 28/41 MP: 4/4
  1327 | D:2      | Noticed Natasha
  1334 | D:2      | Killed Natasha
  1382 | D:2      | Noticed Natasha
  1387 | D:2      | Killed Natasha
  1388 | D:2      | Reached XP level 5. HP: 32/47 MP: 5/5
  1508 | D:2      | Noticed Natasha
  1511 | D:2      | Killed Natasha
  1733 | D:3      | Reached skill level 5 in Fighting
  1733 | D:3      | Reached XP level 6. HP: 51/56 MP: 6/6
  1876 | D:3      | Found a runed translucent door.
  2210 | D:3      | Noticed nicolae's ghost (amateur OpTm)
  2485 | D:3      | Reached ** piety under the Shining One
  2597 | D:4      | Reached skill level 5 in Axes
  2649 | D:4      | Identified the +10 quarterstaff of the Filigreed God
                  | {vorpal, Fly Str+3}
  2677 | D:4      | Noticed Grinder
  2688 | D:4      | Killed Grinder
  2689 | D:4      | Reached skill level 5 in Armour
  2689 | D:4      | Reached skill level 5 in Shields
  2689 | D:4      | Reached XP level 7. HP: 57/62 MP: 7/7
  2882 | D:4      | Found a glowing golden altar of the Shining One.
  3142 | D:4      | Reached skill level 1 in Staves
  3287 | D:5      | Entered Level 5 of the Dungeon
  3330 | D:5      | Reached skill level 6 in Fighting
  3356 | D:5      | Noticed Eustachio
  3363 | D:5      | Killed Eustachio
  3364 | D:5      | Reached XP level 8. HP: 38/70 MP: 8/8
  3748 | D:5      | Found a staircase to the Ecumenical Temple.
  3994 | D:5      | Found a snail-covered altar of Cheibriados.
  4357 | D:6      | Noticed Sigmund
  4363 | D:6      | Killed Sigmund
  4364 | D:6      | Reached skill level 7 in Fighting
  4827 | D:6      | Reached *** piety under the Shining One
  4828 | D:6      | Reached XP level 9. HP: 79/79 MP: 9/9
  5007 | D:6      | Found Kohery's Weapon Emporium.
  5232 | D:7      | Reached skill level 5 in Staves
  5236 | D:7      | Gained mutation: You are frail. (-10% HP) [potion of
                  | mutation]
  5236 | D:7      | Gained mutation: You possess an exceptional clarity of
                  | mind. [potion of mutation]
  5236 | D:7      | Gained mutation: Your movements are slightly less
                  | encumbered by armour. (ER -2) [potion of mutation]
  5617 | D:7      | Noticed a kobold demonologist
  5621 | D:7      | Reached skill level 8 in Fighting
  5622 | D:7      | Noticed a sun demon
  5629 | D:7      | Slain by a sun demon

Illustrated notes

Levels and vault maps discovered:
D:1:      psy_arrival_heroes, layout_basic,
          shapermc_ecumenical_altar_starsandcircs, minmay_misc_feat_iff
D:2:      layout_rooms, minmay_quantized, uniq_natasha, uniq_terence
D:3:      layout_rooms, gammafunk_ghost_grave
D:4:      layout_loops_cross, lemuel_doored_altar, uniq_grinder
D:5:      layout_basic, chei_slow_surprise, minmay_temple_entry_overgrown,
          uniq_eustachio
D:6:      layout_cave_pools, serial_shops, nicolae_stop_n_shop_2, uniq_sigmund
D:7:      layout_rooms

Skill      XL: |  1  2  3  4  5  6  7  8  9 |
---------------+----------------------------+-----
Axes           | 3 4 5 |  5.5
Fighting       | 4 5 6 7 8 |  8.0
Shields        | 4 5 6 7 |  7.3
Armour         | 4 5 6 7 |  7.2
Staves         | 2 4 5 |  5.6

Action                   |  1- 3 |  4- 6 |  7- 9 || total
-------------------------+-------+-------+-------++-------
Melee: War axe           |    71 |   113 |       ||   184
       Quarterstaff      |       |       |   132 ||   132
  Use: Potion            |       |       |     4 ||     4
Armor: Scale mail        |    25 |    26 |    44 ||    95
       Plate armour      |       |       |    58 ||    58
Dodge: Dodged            |    33 |    49 |   113 ||   195
Block: Buckler           |    23 |    24 |       ||    47

Table legend: (Time is in decaauts)
 A = Elapsed time spent in this place.
 B = Non-inter-level travel time spent in this place.
 C = Inter-level travel time spent in this place.
 D = Time resting spent in this place.
 E = Time spent auto-exploring this place.
 F = Levels seen in this place.
 G = Mean time per level.
                   A        B        C        D        E       F      G
               +--------+--------+--------+--------+--------+-----+--------+
         Total |   5714 |   5452 |    262 |    606 |   4027 |   7 |  816.3 |
       Dungeon |   5714 |   5452 |    262 |    606 |   4027 |   7 |  816.3 |
               +--------+--------+--------+--------+--------+-----+--------+

Top non-repeatable levels by time:
     D:5: 1030 daAuts
     D:1: 914 daAuts
     D:2: 861 daAuts
     D:3: 860 daAuts
     D:6: 845 daAuts
     D:4: 723 daAuts
     D:7: 479 daAuts
